 Dungeon Crawl Stone Soup version 0.21.1-1-g345015fe64 (webtiles) character file.

283 IceCat the Chopper (level 6, -1/61 HPs)
             Began as a Troll Fighter on July 18, 2018.
             Was a Follower of Trog.
             Slain by an orc
             ... wielding a +3 trident of piercing
              (3 damage)
             ... on level 4 of the Dungeon on July 19, 2018.
             The game lasted 00:33:10 (3337 turns).

IceCat the Chopper (Troll Fighter)                  Turns: 3337, Time: 00:33:10

Health: -1/61      AC:  6    Str: 24    XL:     6   Next: 7%
Magic:  5/5        EV:  8    Int:  4    God:    Trog [*.....]
Gold:   305        SH:  9    Dex:  9    Spells: 5/5 levels left

rFire    . . .     SeeInvis .   a - +1 war axe
rCold    . . .     Gourm    +   c - +0 shield
rNeg     . . .     Faith    .   b - +0 robe
rPois    .         Spirit   .   (helmet restricted)
rElec    .         Reflect  .   s - +0 cloak
rCorr    +         Harm     .   (gloves unavailable)
MR       .....                  (boots unavailable)
Stlth    +.........             (no amulet)
HPRegen  0.60/turn              q - ring of resist corrosion
MPRegen  0.09/turn              v - -3 ring of strength (curse)

@: berserk cooldown, slowed, very slow
A: large, unfitting armour, claws 3, fast metabolism 3, gourmand, regeneration
1, shaggy fur 1, tough skin 2
a: Berserk, Burn Spellbooks, Renounce Religion


You were on level 4 of the Dungeon.
You worshipped Trog.
Trog was aware of your devotion.
You were not hungry.

You visited 1 branch of the dungeon, and saw 4 of its levels.

You collected 305 gold pieces.

Inventory:

Hand Weapons
 a - a +1 war axe (weapon)
 r - a +1 short sword of holy wrath
 w - a +0 hand axe
 y - a +0 hunting sling
Armour
 b - a +0 robe (worn)
 c - a +0 shield (worn)
 i - a +0 robe
 s - a +0 cloak (worn)
Jewellery
 h - an uncursed ring of stealth
 q - a ring of resist corrosion (left claw)
 v - a cursed -3 ring of strength (right claw)
Wands
 t - a wand of random effects (26)
Scrolls
 e - 2 scrolls of identify
 g - a scroll of enchant armour
 m - 2 scrolls of enchant weapon
 u - a scroll of magic mapping
Potions
 d - a potion of might
 j - a potion of mutation {unknown}
 k - a potion of invisibility {unknown}
 l - 3 potions of heal wounds {unknown}
 n - a potion of cancellation {unknown}
 o - a potion of degeneration {unknown}
 p - 2 potions of flight {unknown}
 x - a potion of curing {unknown}
 z - a potion of haste {unknown}
Comestibles
 f - 9 rations


   Skills:
 + Level 3.1 Fighting
 + Level 3.7 Axes
 + Level 3.2 Dodging
 - Level 0.4 Stealth
 + Level 3.0 Shields


You had 5 spell levels left.
You didn't know any spells.

Dungeon Overview and Level Annotations

Branches:
Dungeon (4/15)
 Temple: D:4-7

Altars:
Elyvilon
Gozag
Trog
Vehumet
Wu Jian
Yredelemnul
The Shining One


Innate Abilities, Weirdness & Mutations

You are too large for most types of armour.
You have claws for hands.
Your metabolism is lightning-fast.
You like to eat raw meat.
Your natural rate of healing is unusually fast.
You are covered in fur. (AC +1)
You have very tough skin. (AC +2)


Message History

You kill the orc wizard!
Trog accepts your kill.
Trog appreciates your killing of a magic user.
You have reached level 6!
Your experience leads to an increase in your attributes!
Your base attributes are Str 25, Int 4, Dex 9.
Increase (S)trength, (I)ntelligence, or (D)exterity?
You feel stronger. x2
The orc hits you from afar with a trident of piercing.
* * * LOW HITPOINT WARNING * * *
x2 You block the orc's attack.
You feel a strong urge to attack something.
You are no longer berserk.
You are exhausted.
You feel yourself slow down.
The orc hits you from afar with a trident of piercing.
* * * LOW HITPOINT WARNING * * *
x2 The orc hits you with a trident of piercing!
* * * LOW HITPOINT WARNING * * *
You die...

# #...# #.# #.
_..# #.# ####
##### #.#
♣#.._#_..#♣#.#####
.#...#...#.......#
.....#.)....####.#
...#####....# #.#
##..♣ ♣..#### #.#
#.# #### #@# #.#
#o# #.# #o# ###.#
#o# .##.# #.#
....# #.#
.##.############.#
....#.......oo.).#
..###.############


You could see 3 orcs.

Vanquished Creatures
  A scorpion (D:4)
  A worker ant (D:4)
  An orc wizard (D:4)
  7 adders
  2 oozes
  3 worms
  5 leopard geckos
  6 orcs
  3 bats
  3 giant cockroaches
  5 goblins
  11 hobgoblins
  8 jackals
  6 kobolds
  8 frilled lizards
  12 rats
82 creatures vanquished.

Vanquished Creatures (others)
  An orc wizard (D:4)
1 creature vanquished.

Grand Total: 83 creatures vanquished

Notes
Turn   | Place    | Note
-------+----------+-------------------------------------------
     0 | D:1      | IceCat the Troll Fighter began the quest for the Orb.
     0 | D:1      | Reached XP level 1. HP: 22/22 MP: 0/0
    92 | D:1      | Reached XP level 2. HP: 26/29 MP: 1/1
  1010 | D:1      | Reached XP level 3. HP: 35/36 MP: 2/2
  1185 | D:2      | Found an opulent altar of Gozag.
  1320 | D:2      | Reached XP level 4. HP: 42/44 MP: 3/3
  1546 | D:2      | Found a bloodstained altar of Trog.
  1558 | D:2      | Became a worshipper of Trog the Wrathful
  2225 | D:3      | Reached XP level 5. HP: 42/52 MP: 4/4
  2647 | D:3      | Found a glowing golden altar of the Shining One.
  2650 | D:3      | Noticed an angel
  2663 | D:3      | Found a basalt altar of Yredelemnul.
  2665 | D:3      | Noticed a profane servitor
  2893 | D:4      | Reached * piety under Trog
  3243 | D:4      | Found a white marble altar of Elyvilon.
  3243 | D:4      | Found a radiant altar of Vehumet.
  3244 | D:4      | Found an ornate altar of the Wu Jian Council.
  3328 | D:4      | Reached XP level 6. HP: 14/61 MP: 5/5
  3337 | D:4      | HP: 2/61 [orc/trident of piercing (9)]
  3337 | D:4      | Slain by an orc

Skill      XL: |  1  2  3  4  5 |
---------------+----------------+-----
Axes           | 2 3 |  3.7
Dodging        | 3 |  3.2
Fighting       | 3 |  3.1
Shields        | 3 |  3.0
Stealth        | |  0.4

Action                   |  1- 3 |  4- 6 || total
-------------------------+-------+-------++-------
Melee: War axe           |   110 |   177 ||   287
Invok: Berserk           |       |     1 ||     1
  Use: Scroll            |       |     8 ||     8
 Stab: Sleeping          |     5 |     4 ||     9
  Eat: Chunk             |    18 |    14 ||    32
Armor: Robe              |    39 |    59 ||    98
Dodge: Dodged            |    35 |    80 ||   115
Block: Shield            |    60 |    70 ||   130
